 Dungeon Crawl Stone Soup version 0.17.1-1-g73c8601 (webtiles) character file.

896 penguinsfan71 the Ducker (level 7, -1/61 HPs)
             Began as a Minotaur Berserker on Dec 21, 2015.
             Was a Priest of Trog.
             Slain by Sigmund
             ... wielding a +0 scythe
              (4 damage)
             ... on level 4 of the Dungeon.
             The game lasted 00:23:33 (3956 turns).

penguinsfan71 the Ducker (Minotaur Berserker)       Turns: 3956, Time: 00:23:34

Health: -1/61      AC:  6    Str: 23    XL:     7   Next: 78%
Magic:  6/6        EV: 12    Int:  4    God:    Trog [***...]
Gold:   93         SH:  3    Dex: 10    Spells: 0 memorised, 6 levels left

rFire  . . .     SeeInvis .     a - +0 falchion
rCold  . . .     Clarity  .     m - +0 ring mail
rNeg   . . .     SustAt   .     s - +0 buckler
rPois  .         Gourm    .     (helmet restricted)
rElec  .         Spirit   .     (no cloak)
rCorr  .         Warding  .     (no gloves)
rMut   .         Stasis   .     (no boots)
MR     .....                    (no amulet)
Stlth  ++........               (no ring)
                                n - ring of stealth

@: lethally poisoned (-1 -> -2), exhausted, slowed, very slow, not resistant to
hostile enchantments, unstealthy
A: retaliatory headbutt, horns 2
a: Berserk, Trog's Hand, Burn Spellbooks, Renounce Religion


You were on level 4 of the Dungeon.
You worshipped Trog.
Trog was most pleased with you.
You were hungry.

You visited 1 branch of the dungeon, and saw 4 of its levels.

You collected 93 gold pieces.

Inventory:

Hand Weapons
 a - a +0 falchion (weapon)
 f - a +0 short sword
 r - a +0 long sword
 u - a +0 blowgun
Missiles
 e - 3 needles of paralysis
 g - 17 bolts
 v - 15 poisoned needles
Armour
 b - a +0 animal skin
 m - a +0 ring mail (worn)
 s - a +0 buckler (worn)
Jewellery
 n - a ring of stealth (left hand)
Wands
 p - a wand of frost (18)
 q - a wand of digging (14)
Scrolls
 d - 4 scrolls of identify {unknown}
 i - a scroll of teleportation {unknown}
 l - a scroll of fear {unknown}
Potions
 j - a potion of agility {unknown}
 k - a potion of degeneration {unknown}
 o - 2 potions of cancellation {unknown}
 t - a potion of poison {unknown}
Comestibles
 c - 2 bread rations
 h - a slice of pizza


   Skills:
 + Level 5.4 Fighting
 + Level 5.6 Long Blades
 + Level 5.7 Armour
 + Level 6.3 Dodging
 + Level 1.5 Stealth
 + Level 0.8 Shields


You had 6 spell levels left.
You didn't know any spells.

Dungeon Overview and Level Annotations

Branches:
Dungeon (4/15)
 Temple: D:4-7

Altars:
The Shining One

Annotations:
D:4 Sigmund


Innate Abilities, Weirdness & Mutations

You reflexively headbutt those who attack you in melee.
You have a pair of horns on your head.


Message History

The worker ant is almost dead.
You block the worker ant's attack.
You hear some strange, mumbled words.
A puff of flame appears from out of thin air!
The puff of flame hits you!
* * * LOW HITPOINT WARNING * * *
The worker ant bites you but does no damage.
You feel a strong urge to attack something.
You block its attack. The worker ant bites you.
* * * LOW HITPOINT WARNING * * *
You are poisoned.
The worker ant poisons you!
You feel sick.
You feel your anger subside.
You are no longer berserk.
You are exhausted.
You feel yourself slow down.
You are feeling hungry.
Something hits you.
You die...

..#### ###p###...# ....
...#.. #.......... ....
♣... #.......... #... ♣♣..
#....%.....
###.P♣♣..P#####..##.....
......P..#..###..# #####
.........PP#..a.....##
....P......#...{...........
......P..P)##.@............
#...♣♣♣♣P)##..............
##.$.♣.P.).##..##....#.....
......PP...###+##.w..######
.o..'..P..)....##....#
+###....)##........#
##.)[..##........#
#....).##..##...#
#......##..##...##


You could see a worm and a worker ant.

Vanquished Creatures
  Pikel (D:4)
  A centaur zombie (D:3)
  2 orc wizards (D:4)
  Ijyb (D:2)
  Terence (D:2)
  Natasha (thrice) (D:2)
  2 orc priests (D:4)
  A worker ant (D:4)
  7 adders
  3 gnolls (D:3)
  3 worms
  4 giant geckos
  5 orcs
  7 bats
  3 giant cockroaches
  9 hobgoblins
  3 jackals
  A ball python (D:2)
  6 giant newts
  7 goblins
  9 kobolds
  4 rats
83 creatures vanquished.

Vanquished Creatures (others)
  2 plants (D:4)
2 creatures vanquished.

Grand Total: 85 creatures vanquished

Notes
Turn   | Place    | Note
--------------------------------------------------------------
     0 | D:1      | penguinsfan71 the Minotaur Berserker began the quest for the Orb.
     0 | D:1      | Reached XP level 1. HP: 19/19 MP: 0/0
   213 | D:1      | Reached XP level 2. HP: 26/26 MP: 1/1
   755 | D:2      | Reached skill level 4 in Long Blades
   786 | D:2      | Reached XP level 3. HP: 8/33 MP: 2/2
  1142 | D:2      | Reached ** piety under Trog
  1367 | D:2      | Noticed Natasha
  1377 | D:2      | Killed Natasha
  1377 | D:2      | Reached XP level 4. HP: 29/40 MP: 3/3
  1745 | D:2      | Noticed Natasha
  1752 | D:2      | Killed Natasha
  1796 | D:2      | Noticed Natasha
  1799 | D:2      | Killed Natasha
  1808 | D:2      | Noticed Terence
  1817 | D:2      | Killed Terence
  1817 | D:2      | Reached skill level 1 in Stealth
  1840 | D:2      | Noticed Ijyb
  1856 | D:2      | Killed Ijyb
  1856 | D:2      | Reached XP level 5. HP: 24/47 MP: 4/4
  2409 | D:3      | Reached *** piety under Trog
  3153 | D:3      | Found a glowing golden altar of the Shining One.
  3155 | D:3      | Noticed an angel
  3430 | D:4      | Noticed Sigmund
  3466 | D:4      | Reached skill level 5 in Long Blades
  3466 | D:4      | Reached XP level 6. HP: 53/53 MP: 5/5
  3878 | D:4      | Noticed a slave
  3894 | D:4      | Noticed Pikel
  3894 | D:4      | Noticed a slave
  3894 | D:4      | Noticed a slave
  3900 | D:4      | Reached skill level 5 in Fighting
  3901 | D:4      | Killed Pikel
  3901 | D:4      | Reached skill level 5 in Armour
  3901 | D:4      | Reached skill level 6 in Dodging
  3901 | D:4      | Reached XP level 7. HP: 7/61 MP: 6/6
  3906 | D:4      | Noticed a freed slave
  3955 | D:4      | HP: 4/91 [poisoned by a worker ant]
  3956 | D:4      | Slain by Sigmund

Action                   |  1- 3 |  4- 6 |  7- 9 || total
-------------------------+-------+-------+-------++-------
Melee: Falchion          |    66 |   167 |     2 ||   235
Invok: Berserk           |       |     3 |     1 ||     4
  Eat: Bread ration      |     1 |     1 |       ||     2
       Chunk             |       |     3 |     1 ||     4
